 Dungeon Crawl Stone Soup version 0.29.0-4-gdea44cf6ec (webtiles) character file.

Game seed: 8608564767394375464

39 qw the Chopper (level 3, -4/29 HPs)
             Began as a Barachi Chaos Knight on Sept 4, 2022.
             Succumbed to an orange demon's poison
             ... on level 1 of the Dungeon.
             The game lasted 00:00:27 (1043 turns).

qw the Chopper (Barachi Chaos Knight)               Turns: 1043, Time: 00:00:28

Health: -4/29      AC:  5    Str: 15    XL:     3   Next: 47%
Magic:  3/3        EV: 11    Int: 12    God:
Gold:   29         SH:  0    Dex: 11    Spells: 2/2 levels left

rFire   . . .      SeeInvis .   a - +0 hand axe (chaos)
rCold   . . .      Faith    .   (no shield)
rNeg    . . .      Spirit   .   b - +2 leather armour
rPois   .          Reflect  .   (no helmet)
rElec   .          Harm     .   (no cloak)
rCorr   .          Rampage  .   (no gloves)
Will    .....                   (no boots)
Stlth   +.........              (no amulet)
HPRegen 0.09/turn               (no ring)
MPRegen 0.08/turn               (no ring)

@: confused, lethally poisoned (-4 -> -26), slow
A: amphibious, slowness 1, strong legs 1, +LOS
a: Hop


You were on level 1 of the Dungeon.
You visited 1 branch of the dungeon, and saw 1 of its levels.

You collected 29 gold pieces.


Innate Abilities, Weirdness & Mutations

You are amphibious.
You cover ground slowly.
You can hop short distances.
You have an extended range of vision and can be seen from far away.


   Skills:
 - Level 3.6 Fighting
 - Level 4.8 Axes
 + Level 0.2 Throwing
 - Level 2.4 Armour
 - Level 1.1 Dodging


You had 2 spell levels left.
You didn't know any spells.
Your spell library was empty.

Inventory:

Hand Weapons
 a - a +0 hand axe of chaos (weapon)
 n - a +0 club
Missiles
 q - 3 javelins (quivered)
Armour
 b - a +2 leather armour (worn)
 g - a +0 pair of boots
 m - a +0 plate armour
Jewellery
 h - a +6 ring of strength
Scrolls
 d - a scroll of fear {unknown}
 e - a scroll of vulnerability {unknown}
 f - a scroll of magic mapping {unknown}
 i - a scroll of silence {unknown}
 l - a scroll of fog {unknown}
 p - a scroll of blinking {unknown}
 r - a scroll of teleportation {unknown}
Potions
 j - a potion of degeneration {unknown}
 k - a potion of berserk rage {unknown}
 o - a potion of curing {unknown}
Miscellaneous
 c - a piece from Xom's chessboard (15/15)

Dungeon Overview and Level Annotations

Branches:
Dungeon (1/15)

Altars:

Shops:
D:1 :[


Message History

The kobold is severely wounded.
Throw: 2 javelins
Press: ? - help, Q - select action Shift-Dir - straight line, f/p - kobold You throw a javelin.
The javelin misses the kobold.
You hit the kobold. You burn the kobold.
You kill the kobold!
r - a scroll labelled POILUAMUWNI You now have 29 gold pieces (gained 10).
You see here a +0 dagger.
q - 2 javelins (gained 1)
q - 3 javelins (gained 1)
Found a trident. "Let's see if it's strong enough to survive yet."
The divine experience confuses you!
You are confused.
A shadow imp comes into view.
You hit the orange demon.
The orange demon is lightly wounded.
You hit the orange demon.
The orange demon convulses.
You closely miss the shadow imp. You hit the shadow imp.
You closely miss the ufetubus. You barely miss the orange demon.
The orange demon is lightly wounded.
You hit the shadow imp but do no damage.
You miss the ufetubus. You closely miss the orange demon.
You completely miss the shadow imp. The ufetubus misses you.
The ufetubus hits you but does no damage.
The orange demon stings you! The orange demon completely misses you.
The orange demon stings you!
You are lethally poisoned!
The orange demon poisons you! The orange demon closely misses you.
You bump into the rock wall.
You feel very sick.
The ufetubus hits you but does no damage.
The ufetubus hits you.
The orange demon stings you but does no damage.
The orange demon closely misses you. x2; The orange demon barely misses you.
The ufetubus barely misses you. The ufetubus closely misses you.
You bump into the rock wall.
You die...

#.##.###.....................#
####.##.###..#...........##.#.#.#
).....#............%.............
####....###..#...........##.#.#.#
#..#..........#######.##.#.#.#
####>.#####..#.#.# #.##......
..............3#5#######.##.....#
####..#####..#53344......##.....#
.............#.#@##########.....#
.##..#####...#.#545..............
................3#5#.########.#.#
###..######......#............#..
..................[#.###....###..
###..######......#..........#...#
# #...## #......#.#.###.........
# #.#..####.##.#.#..........##...
# #.........##.#.#......#.#.##.##


You could see a sun demon (summoned), 2 orange demons, a hellwing (summoned), 2
smoke demons, a neqoxec (summoned), 2 shadow imps and 3 ufetubi.

Vanquished Creatures
  A gnoll (D:1)
  2 bats (D:1)
  4 endoplasms (D:1)
  2 goblins (D:1)
  2 hobgoblins (D:1)
  6 jackals (D:1)
  2 quokkas (D:1)
  2 ball pythons (D:1)
  3 frilled lizards (D:1)
  A kobold (D:1)
  2 rats (D:1)
27 creatures vanquished.

Notes
Turn   | Place    | Note
-------+----------+-------------------------------------------
     0 | D:1      | qw the Barachi Chaos Knight began the quest for the Orb.
     0 | D:1      | Reached XP level 1. HP: 18/18 MP: 1/1
     0 | D:1      | 0 ||| qw: Version: 0.1-a-103-gd6f5d3a
     0 | D:1      | 0 ||| qw: Game counter: 5552
     0 | D:1      | 0 ||| qw: Always use a shield: true
     0 | D:1      | 0 ||| qw: God list: Okawaru
     0 | D:1      | 0 ||| qw: Allow faded altars: false
     0 | D:1      | 0 ||| qw: Do Orc after D:15 true
     0 | D:1      | 0 ||| qw: Do second Lair branch before Depths: true
     0 | D:1      | 0 ||| qw: Lair rune preference: random
     0 | D:1      | 0 ||| qw: Plans: Normal
     0 | D:1      | 0 ||| PLANNING D:1-11
     0 | D:1      | Fell from the grace of Xom
    45 | D:1      | Found Joppon's Vocational Training.
   139 | D:1      | XOM: stat loss: -1 Str (12/13)
   161 | D:1      | Reached XP level 2. HP: 17/24 MP: 2/2
   320 | D:1      | Reached skill level 4 in Axes
   350 | D:1      | 350 ||| Stepping ~*~*~tactically~*~*~ (stealth).
   368 | D:1      | 368 ||| Stepping ~*~*~tactically~*~*~ (stealth).
   369 | D:1      | 369 ||| Stepping ~*~*~tactically~*~*~ (stealth).
   379 | D:1      | 379 ||| Stepping ~*~*~tactically~*~*~ (stealth).
   520 | D:1      | XOM: enchant monster (bad)
   525 | D:1      | Reached XP level 3. HP: 29/29 MP: 3/3
   526 | D:1      | 526 ||| Stepping ~*~*~tactically~*~*~ (stealth).
   701 | D:1      | 701 ||| Stepping ~*~*~tactically~*~*~ (stealth).
   777 | D:1      | Found Suisye's Armour Boutique.
   785 | D:1      | 785 ||| SHOPLISTING +0 helmet (49 gold, have 3).
   785 | D:1      | 785 ||| SHOPLISTING +0 pair of gloves (49 gold, have 3).
   785 | D:1      | 785 ||| SHOPLISTING +4 kite shield of Misanthropy {rF-
                  | Will+ Int+3} (400 gold, have 3).
  1039 | D:1      | XOM: summons 13 hostile demons
  1040 | D:1      | Noticed a sun demon
  1040 | D:1      | Noticed a neqoxec
  1040 | D:1      | Noticed an orange demon
  1040 | D:1      | Noticed an orange demon
  1040 | D:1      | Noticed a hellwing
  1040 | D:1      | Noticed a smoke demon
  1040 | D:1      | Noticed a smoke demon
  1042 | D:1      | HP: 5/29 [poisoned by an orange demon]
  1042 | D:1      | HP: 1/29 [ufetubus[Xom] (4)]
  1043 | D:1      | Succumbed to an orange demon's poison

Levels and vault maps discovered:
D:1:      tarquinn_simple_flora_water_a, layout_basic, serial_shops,
          shop_fountains, nicolae_shop_vocational

Skill      XL: |  1  2 |
---------------+-------+-----
Axes           | 4 |  4.8
Fighting       | |  3.6
Throwing       | |  0.2
Armour         | |  2.4
Dodging        | |  1.1

Action                   || total
-------------------------++-------
Melee: Hand axe          ||    66
Throw: Javelin           ||     7
Invok: Renounce Religion ||     1
Armor: Leather armour    ||    22
Dodge: Dodged            ||    50

Table legend:
 A = Non-vault XP
 B = Vault XP
 C = Vault XP percentage of total XP
 D = Non-vault monster count
 E = Vault monster count
 F = Vault count percentage of total count
                 A         B        C        D         E       F
            +---------+---------+-------+---------+---------+-------
      Total |      57 |       0 |   0.0 |      27 |       0 |   0.0
            +---------+---------+-------+---------+---------+-------
        D:1 |      57 |       0 |   0.0 |      27 |       0 |   0.0
            +---------+---------+-------+---------+---------+-------
